 Dungeon Crawl Stone Soup version 0.30.0-5-g1a98f26d00 (webtiles) character file.

Game seed: 13226389828384582824

54 GigaChad the Shield-Bearer (level 4, -2/37 HPs)
             Began as a Formicid Fighter on May 11, 2023.
             Succumbed to Sigmund's poison
             ... on level 2 of the Dungeon.
             The game lasted 00:02:19 (1447 turns).

GigaChad the Shield-Bearer (Formicid Fighter)       Turns: 1447, Time: 00:02:19

Health: -2/37      AC:  6    Str: 22    XL:     4   Next: 12%
Magic:  4/4        EV:  9    Int:  8    God:
Gold:   73         SH:  5    Dex: 13    Spells: 3/3 levels left

rFire   . . .        a - +0 war axe
rCold   . . .        c - +0 buckler
rNeg    . . .        b - +0 scale mail
rPois   .            (helmet unavailable)
rElec   .            (no cloak)
rCorr   .            (no gloves)
SInv    +            (no boots)
Will    .....        (no amulet) Stlth
                     (no ring)
HPRegen 0.26/turn    (no ring)
MPRegen 0.09/turn

%: no passive effects
@: lethally poisoned (-2 -> -13)
A: permanent stasis, dig shafts and tunnels, antennae 3, four strong arms
a: Dig, Shaft Self


You were on level 2 of the Dungeon.
You visited 1 branch of the dungeon, and saw 2 of its levels.

You collected 73 gold pieces.

Inventory:

Hand Weapons
 a - a +0 war axe (weapon)
Armour
 b - a +0 scale mail (worn)
 c - a +0 buckler (worn)
Scrolls
 g - 3 scrolls of identify {unknown}
Potions
 d - a potion of might
 e - 2 potions of curing {unknown}
 f - a potion of brilliance {unknown}
 h - 2 potions of attraction {unknown}


   Skills:
 * Level 3.6 Fighting
 * Level 2.9 Axes
 * Level 3.6 Armour
 * Level 4.7 Shields


You had 3 spell levels left.
You didn't know any spells.
Your spell library was empty.

Dungeon Overview and Level Annotations

Branches:
Dungeon (2/15)

Altars:

Annotations:
D:2 Sigmund


Innate Abilities, Weirdness & Mutations

You cannot be hasted, slowed, berserked, paralysed or teleported.
You can dig through walls and to a lower floor.
You have a pair of large antennae on your head. (SInv)
Your four strong arms can wield two-handed weapons with a shield.


Message History

Found 10 gold pieces.
You now have 73 gold pieces (gained 10).
You see here a +0 dagger.
Found a stone staircase leading up.
Found a stone staircase leading down.
A rat comes into view.
The rat bites you.
You hit the rat.
You kill the rat!
Sigmund the Dreaded comes into view.
He is wielding a +5 scythe of venom, wearing a +2 robe of willpower and carrying a wand of flame (21).
Sigmund shouts!
Sigmund zaps a wand.
The puff of flame hits you!
An adder comes into view.
The adder hisses angrily.
Sigmund zaps a wand.
The puff of flame hits you.
There is a stone staircase leading down here.
You block Sigmund's attack.
You barely miss the adder. The adder bites you but does no damage.
You slash the adder!
You kill the adder!
Sigmund mumbles some strange words.
Sigmund flickers and vanishes for a moment.
Sigmund zaps a wand.
The puff of flame misses you.
You have reached level 4!
You feel clever. Sigmund gestures at you while chanting.
The puff of flame hits you.
You see here an adder corpse.
Sigmund hits you with a +5 scythe of venom!
* * * LOW HITPOINT WARNING * * *
You are lethally poisoned!
You hit Sigmund.
Sigmund is lightly wounded.
* * * LOW HITPOINT WARNING * * *
You feel very sick.
Sigmund zaps a wand.
The puff of flame hits you.
* * * LOW HITPOINT WARNING * * *
You barely miss Sigmund.
Sigmund is lightly wounded.
You die...

..#########
.......†.>#
#.#...@@..#
#.#####.# #
#.# #.# #.#
#.# #.####
#.#
#.##<####
#.#
#.......#
..###.#
#.##.##.#
....## #
#.##.##.####


You could see Sigmund (invisible).

Vanquished Creatures
  An adder (D:2)
  3 dart slugs (D:1)
  3 bats (D:1)
  5 endoplasms
  A goblin (D:2)
  4 hobgoblins (D:1)
  4 jackals (D:2)
  2 quokkas (D:1)
  3 ball pythons
  3 frilled lizards
  3 kobolds
  6 rats
38 creatures vanquished.

Notes
Turn   | Place    | Note
-------+----------+-------------------------------------------
     0 | D:1      | GigaChad the Formicid Fighter began the quest for the Orb.
     0 | D:1      | Reached XP level 1. HP: 18/18 MP: 1/1
    93 | D:1      | Reached XP level 2. HP: 24/24 MP: 2/2
   318 | D:1      | Reached XP level 3. HP: 29/29 MP: 3/3
  1438 | D:2      | Noticed Sigmund
  1444 | D:2      | Reached XP level 4. HP: 21/37 MP: 4/4
  1447 | D:2      | Succumbed to Sigmund's poison

Illustrated notes

Levels and vault maps discovered:
D:1:      roderic_crop_circles_arrival_small, layout_basic, serial_bayou,
          serial_bayou_lake_a, serial_bayou_lagoon_a, serial_bayou_pond_c,
          serial_bayou_crossing, minmay_split_cup_small
D:2:      layout_basic, minmay_tetromino_s4, uniq_sigmund

Action                     |  1- 3 |  4- 6 || total
---------------------------+-------+-------++-------
  Melee: War axe           |   102 |     2 ||   104
 Armour: Scale mail        |    38 |       ||    38
  Dodge: Dodged            |    44 |       ||    44
  Block: Buckler           |    21 |       ||    21
